 Dungeon Crawl Stone Soup version 0.30-a0-557-ge2afbf3030 (webtiles) character file.

Game seed: 12382243156339573892

30 sokol815 the Sneak (level 3, -2/24 HPs)
             Began as a Kobold Delver on Dec 27, 2022.
             Slain by an iguana (12 damage)
             ... on level 5 of the Dungeon.
             The game lasted 00:02:14 (270 turns).

sokol815 the Sneak (Kobold Delver)                   Turns: 270, Time: 00:02:15

Health: -2/24      AC:  8    Str:  9    XL:     3   Next: 35%
Magic:  3/3        EV:  6    Int: 11    God:
Gold:   0          SH:  5    Dex: 18    Spells: 2/2 levels left

rFire   . . .      SeeInvis .    a - +0 short sword
rCold   . . .      Faith    .    (no shield)
rNeg    . . .      Spirit   .    h - +0 chain mail
rPois   .          Reflect  +    (no helmet)
rElec   .          Harm     .    (no cloak)
rCorr   .          Rampage  .    (no gloves)
Will    .....                    (no boots)
Stlth   ++                       e - amulet of reflection
HPRegen 0.24/turn                (no ring)
MPRegen 0.08/turn                (no ring)

@: no status effects
A: small, no large weapons, nightstalker 3
a: no special abilities


You were on level 5 of the Dungeon.
You visited 1 branch of the dungeon, and saw 2 of its levels.

Inventory:

Hand Weapons
 a - a +0 short sword (weapon)
Missiles
 g - 2 boomerangs
 s - 5 stones
Armour
 b - a +0 leather armour
 h - a +0 chain mail (worn)
   (You took it off an orc on level 5 of the Dungeon)
Jewellery
 e - an amulet of reflection (around neck)
   (You found it on level 5 of the Dungeon)
Wands
 d - a wand of digging (3)
Scrolls
 c - 2 scrolls of fog
 f - a scroll of enchant armour {unknown}
 E - a scroll of fear


   Skills:
 + Level 3.6 Fighting
 + Level 3.3 Short Blades
 + Level 3.0 Dodging
 + Level 6.9 Stealth


You had 2 spell levels left.
You didn't know any spells.
Your spell library was empty.

Dungeon Overview and Level Annotations

Branches:
Dungeon (6/15) Zot: 11749  Temple (0/1) D:6

Altars:

Shops:
D:5 (

Annotations:
D:6 exclusion: upstairs, Edmund


Innate Abilities, Weirdness & Mutations

You are small and have problems with some larger weapons.
You are completely attuned to the shadows.


Message History

An orc and an orc priest come into view.
The orc shouts!
You hear a shout! x4
An orc and an ogre come into view.
Edmund the Younger comes into view.
He is wielding a +0 heavy flail.
You feel yourself speed up.
The orc priest looks encouraged for a moment.
The orc closely misses you.
An orc comes into view. It is wielding a +0 flail.
The orc moves out of view.
Found a stone staircase leading down.
Really read
X - a scroll of magic mapping {@r4!r}?
As you read the scroll of magic mapping {@r4!r}, it crumbles to dust.
You feel aware of your surroundings.
Found a stone staircase leading up.
A necrophage comes into view.
There is a stone staircase leading up here.
You climb upwards.
Found a scorched ring mail.
Found Lyrrosen's Weapon Boutique.
There is a stone staircase leading down here.
There is an entrance to Lyrrosen's Weapon Boutique here.
There is a stone staircase leading down here.
You climb downwards.
Level annotation: exclusion: upstairs, Edmund
There is a stone staircase leading up here.
Found a stone staircase leading up.
Your extra speed is starting to run out.
There is a stone staircase leading up here.
You climb upwards.
There is a stone staircase leading down here.
You feel yourself slow down.
s - 5 stones (quivered)
f - a scroll labelled UCODUSCHEAGH Clearing quiver.
A hound comes into view.
The helpless hound fails to defend itself.
You impale the hound!!
You kill the hound!
Your Short Blades skill increases to level 3!
Your Dodging skill increases to level 3!
You have reached level 2!
You have reached level 3!
Your experience leads to an increase in your attributes!
Increase (s)trength, (i)ntelligence, or (d)exterity?
You feel agile. x2
Health restored: 23; MP restored: 3
There is a stone staircase leading down here.
c - 2 scrolls of fog (gained 1)
You open the door.
There is an open door here.
You open the door.
There is an open door here.
There is an open door here.
There is an open door here.
There is an open door here.
A jelly comes into view.
A hound comes into view.
You hear a slurping noise.
The jelly eats the door!
You hear a distant slurping noise.
An orc comes into view. It is wielding a +0 short sword.
An iguana comes into view.
The helpless orc fails to defend itself.
You impale the orc!!
You kill the orc!
Health restored: 24
g - 2 boomerangs
Things that are here:
a +0 short sword; a +0 chain mail A gnoll bouda comes into view.
It is wielding a +0 club.
Things that are here:
a +0 short sword; a +0 chain mail
h - a +0 chain mail You start removing your armour.
You continue taking off your +0 leather armour. x4
You finish taking off your +0 leather armour.
You start putting on your armour.
You continue putting on your +0 chain mail. x5
You finish putting on your +0 chain mail.
The gnoll bouda shouts!
The iguana hisses angrily.
The iguana bites you.
You take 3 damage, and have 21/24 hp.
You hit the iguana but do no damage. The iguana bites you.
You take 5 damage, and have 16/24 hp.
MASSIVE DAMAGE!!
The iguana barely misses you. The iguana attacks as you move away!
The iguana completely misses you.
The gnoll bouda attacks as you move away!
The gnoll bouda completely misses you.
You barely miss the iguana. The iguana bites you.
You take 2 damage, and have 14/24 hp.
You are too injured to fight recklessly!
You are too injured to fight recklessly!
You barely miss the iguana. The iguana bites you.
You take 4 damage, and have 10/24 hp.
You hit the iguana but do no damage.
An ice beast comes into view.
The iguana bites you but does no damage.
You hit the iguana. You hit the iguana but do no damage. The iguana bites you!
Ouch! That really hurt!
You die...

##### #######
##...#######.....#
#................#
##.#.#.###.###.#..#
#....#...#.#gl@#.)#
#....###.#.#.###..#
#.................##
###....###.#Y#.###...#
#......#.#.....# #.#.#
#......#.###.### #.#.#
#............
......... #..........#
#........ ............
#......g.


You could see an ice beast, a gnoll bouda and an iguana.

Vanquished Creatures
  A hound (D:5)
  An orc (D:5)
2 creatures vanquished.

Notes
Turn   | Place    | Note
-------+----------+-------------------------------------------
     0 | D:5      | sokol815 the Kobold Delver began the quest for the Orb.
     0 | D:5      | Reached XP level 1. HP: 14/14 MP: 1/1
     0 | D:5      | Noticed a hound
     9 | D:5      | Noticed an ogre
    15 | D:6      | Noticed an orc wizard
    15 | D:6      | Noticed an orc wizard
    18 | D:6      | Noticed a hound
    55 | D:6      | Noticed an orc priest
    56 | D:6      | Noticed an ogre
    56 | D:6      | Noticed Edmund
    94 | D:6      | Noticed a necrophage
    99 | D:5      | Found Lyrrosen's Weapon Boutique.
   148 | D:5      | Noticed a hound
   152 | D:5      | Killed a hound
   153 | D:5      | Reached skill level 3 in Short Blades
   153 | D:5      | Reached skill level 3 in Dodging
   153 | D:5      | Reached XP level 2. HP: 19/19 MP: 2/2
   153 | D:5      | Reached XP level 3. HP: 23/23 MP: 3/3
   268 | D:5      | Noticed an ice beast
   270 | D:5      | Slain by an iguana

Illustrated notes

Levels and vault maps discovered:
D:5:      layout_basic, mainiacjoe_overflow_24_doors, serial_shops,
          nicolae_take_the_stairs, gammafunk_ghost_smash,
          nicolae_shop_i_like_big_books, minmay_misc_feat_roman,
          nzn_random_ring, uniq_eustachio, uniq_prince_ribbit1
D:6:      layout_loops_cross, minmay_temple_entry_antechambers, serial_glass,
          glass_columns_a, glass_columns_a, uniq_edmund

Skill      XL: |  1 |
---------------+----+-----
Short Blades   | 3 |  3.3
Dodging        | 3 |  3.0
Fighting       | |  3.6
Stealth        | |  6.9

Action                   || total
-------------------------++-------
Melee: Short sword       ||     8
  Use: Scroll            ||     1
       Potion            ||     1
 Stab: Sleeping          ||     2
Armor: Chain mail        ||     1
Dodge: Dodged            ||     4

Table legend: (Time is in decaauts)
 A = Elapsed time spent in this place.
 B = Non-inter-level travel time spent in this place.
 C = Inter-level travel time spent in this place.
 D = Time resting spent in this place.
 E = Time spent auto-exploring this place.
 F = Levels seen in this place.
 G = Mean time per level.
                   A        B        C        D        E       F      G
               +--------+--------+--------+--------+--------+-----+--------+
         Total |    249 |    249 |      0 |      0 |      0 |   2 |  124.5 |
       Dungeon |    249 |    249 |      0 |      0 |      0 |   2 |  124.5 |
               +--------+--------+--------+--------+--------+-----+--------+

Top non-repeatable levels by time:
     D:5: 171 daAuts
     D:6: 77 daAuts

Table legend:
 A = Kills in this place as a percentage of kills in entire the game.
 B = Kills by you in this place as a percentage of kills by you in the entire game.
 C = Kills by friends in this place as a percentage of kills by friends in the entire game.
 D = Other kills in this place as a percentage of other kills in the entire game.
 E = Experience gained in this place as a percentage of experience gained in the entire game.
 F = Experience gained in this place divided by the number of levels of this place that you have seen.
                   A       B       C       D       E      F
               +-------+-------+-------+-------+-------+----------------------
         Total | 100.0 | 100.0 |   N/A |   N/A | 100.0 |  21.5
       Dungeon | 100.0 | 100.0 |   N/A |   N/A | 100.0 |  21.5
               +-------+-------+-------+-------+-------+----------------------
